 Dungeon Crawl Stone Soup version 0.31.0-1-g2c135a008e (webtiles) character file.

Game seed: 8869160518248669015

13195 Eitelfritz the Grappler (level 11, -9/97 HPs)
             Began as a Troll Shapeshifter on Jan 20, 2024.
             Was an Elder of Wu Jian.
             Mangled by a yak (16 damage)
             ... on level 11 of the Dungeon.
             The game lasted 00:28:01 (8847 turns).

Eitelfritz the Grappler (Troll Shapeshifter)        Turns: 8847, Time: 00:28:03

Health: -9/97      AC:  4    Str: 24    XL:     11   Next: 72%
Magic:  10/10      EV: 21    Int:  8    God:    Wu Jian [****..]
Gold:   329        SH:  0    Dex: 11    Spells: 10/10 levels left

rFire   . .          .
                       - Unarmed
rCold   + . .        (shield currently unavailable)
rNeg    . . .        O - melded +1 steam dragon scales
rPois   .            n - +2 hat
rElec   +            (no cloak)
rCorr   .            (gloves unavailable)
SInv    .            (boots unavailable)
Will    .....        U - amulet of regeneration
Stlth   +            j - +5 ring of evasion
HPRegen 1.96/turn    z - ring of Tudontip {rElec rC+}
MPRegen 0.12/turn

%: no passive effects
@: flux-form, glowing
A: glow, contaminating, large, unfitting armour, claws 3, regeneration 1, shaggy
fur 1, tough skin 1
a: Begin Untransformation, Renounce Religion, Wall Jump, Serpent's Lash


You were on level 11 of the Dungeon.
You worshipped Wu Jian.
Wu Jian was greatly pleased with you.
You were something dangerously unstable.
You visited 2 branches of the dungeon, and saw 12 of its levels.
You visited 1 bazaar.

You collected 1627 gold pieces.
You spent 1298 gold pieces at shops.

Inventory:

Hand Weapons
 a - a +0 morningstar of flaming
 b - a +2 longbow
Missiles
 f - 5 curare-tipped darts (quivered)
 g - 13 poisoned darts
 F - a throwing net
 H - 11 javelins
Armour
 m - a +0 kite shield
 n - a +2 hat (worn)
 O - +1 steam dragon scales (melded)
 W - a +0 troll leather armour
Jewellery
 j - a +5 ring of evasion (left claw)
 l - a ring of magical power
 z - the ring of Tudontip (right claw) {rElec rC+}
   (You acquired it on level 6 of the Dungeon)

   [ring of protection from cold]

   rC+:       It protects you from cold.
   rElec:     It insulates you from electricity.
 C - an amulet of the acrobat
 D - a ring of positive energy
 E - the ring of Hedocvig {Fire Will++ Stlth-}
   (You found it on level 9 of the Dungeon)

   [ring of fire]

   Fire:      It enhances your fire magic.
   rF+:       It protects you from fire.
   rC-:       It makes you vulnerable to cold.
   Will++:    It greatly increases your willpower.
   Stlth-:    It makes you less stealthy.
 N - a ring of ice
 Q - a +6 ring of intelligence
 R - a ring of positive energy
 U - an amulet of regeneration (around neck)
 V - a ring of resist corrosion
Talismans
 c - a beast talisman
 d - a flux talisman (active)
 s - a blade talisman
Wands
 k - a wand of flame (17)
 t - a wand of polymorph (11)
 B - a wand of charming (19)
 M - a wand of roots (5)
 P - a wand of mindburst (9)
Scrolls
 o - 2 scrolls of identify
 q - a scroll of poison
 r - a scroll of immolation
 u - 7 scrolls of teleportation
 y - a scroll of blinking
 A - 3 scrolls of enchant armour
 J - a scroll of revelation
 K - 3 scrolls of vulnerability
 T - a scroll of fog
Potions
 e - 3 potions of curing
 h - 2 potions of enlightenment
 i - a potion of berserk rage
 p - a potion of heal wounds
 v - a potion of haste
 w - 3 potions of brilliance
 x - a potion of lignification
 G - a potion of attraction
 I - 3 potions of cancellation
 L - a potion of magic
 S - a potion of mutation


   Skills:
 + Level 3.5 Fighting
 + Level 0.3 Throwing
 + Level 7.6 Dodging
 + Level 2.4 Stealth
 + Level 14.1 Unarmed Combat
 + Level 7.3 Shapeshifting


You had 10 spell levels left.
You didn't know any spells.
Your spell library contained the following spells:

 Spells                   Type           Power      Damage    Failure   Level
 Freeze                   Ice            0%         1d3       41%         1
 Slow                     Hex            0%         N/A       41%         1
 Confusing Touch          Hex            0%         N/A       78%         3
 Frozen Ramparts          Ice            0%         1d1       78%         3
 Hailstorm                Conj/Ice       0%         3d5       78%         3
 Inner Flame              Hex/Fire       0%         N/A       78%         3
 Sigil of Binding         Hex            0%         N/A       78%         3
 Vampiric Draining        Necr           0%         2d6       78%         3
 Irradiate                Conj/Alch      0%         3d11      100%        5
 Ignition                 Fire           0%         3d3       100%        8


Dungeon Overview and Level Annotations

Branches:
Dungeon (11/15)            Temple (1/1) D:4            Lair (0/5) D:8
    Orc: D:9-12

Altars:
Ashenzari
Cheibriados
Dithmenos
Elyvilon
Fedhas
Gozag
Hepliaklqana
Kikubaaqudgha
Makhleb
Nemelex Xobeh
Okawaru
Qazlal
Ru
Sif Muna
Trog
Uskayaw
Vehumet
Wu Jian
Xom
Yredelemnul
Zin
The Shining One

Shops:
D:4 [   D:5 ?   D:6 (


Innate Abilities, Weirdness & Mutations

You are something dangerously unstable.
You glow with magical radiation, making you easy to see and hit.
Foes you strike become dangerously contaminated with magical radiation.
You are incapable of wielding weapons or throwing items.
You are too large for most types of armour.
You have claws for hands.
Your natural rate of healing is unusually fast.
You are covered in fur. (AC +1)
You have tough skin. (AC +1)


Message History

Something hits you.
Unknown command.
You lunge at the yak.
You scratch the yak.
The yak begins to glow.
The yak is lightly wounded.
You spin and attack the yak repeatedly.
You closely miss the yak. You scratch the yak.
The yak begins to glow.
The yak is lightly wounded.
Something hits you. The yak barely misses you. The yak gores you.
Unknown command.
You barely miss something. Something hits you. The yak completely misses you.
The yak gores you! The yak completely misses you. The yak gores you!
Unknown command.
You mangle the yak!!
The yak glows dangerously bright.
The yak is heavily wounded.
Something hits you.
The yak misses you. x2; The yak gores you.
The yak closely misses you.
You scratch the yak.
The yak shudders as magic cascades through it!
The yak twists and deforms.
The yak is almost dead.
Something hits you but does no damage. The yak closely misses you.
The yak completely misses you. The yak barely misses you. The yak gores you!
* * * LOW HITPOINT WARNING * * *
You closely miss the yak.
The yak is almost dead.
Something closely misses you.
You scratch the yak but do no damage.
The yak begins to glow.
The yak is almost dead.
Something hits you but does no damage. The yak misses you. Something hits you!
* * * LOW HITPOINT WARNING * * *
The yak barely misses you. The yak gores you.
* * * LOW HITPOINT WARNING * * *
The yak closely misses you.
You claw the yak!
You kill the yak!
The Council accepts your kill. Something hits you!
* * * LOW HITPOINT WARNING * * *
The yak gores you!
You die...

##.##.. ..## #...#.#
...## #.....####....
#<.....#...# ##
##.........#...
###..............
#................
#.......YY.....$.
#.....#.Yp.....#
#....##...†....#
####..###.......#
#....#.#..........
##.................
####..................
#.##..#...............
##.....#...............
#................


You could see 3 yaks.

Vanquished Creatures
  4 two-headed ogres
  Nergalle (D:11)
  Sonja (D:10)
  The ghost of tadhg the Thaumaturge, a novice DESu of Kikubaaqudgha (D:9)
  Pikel (D:6)
  Joseph (D:9)
  Maggie (D:9)
  Psyche (D:9)
  A rime drake (D:8)
  A polar bear (D:8)
  2 trolls (D:11)
  A hornet (D:10)
  Sigmund (D:3)
  A shadow (D:10)
  2 wraiths
  7 yaks
  2 wyverns
  Eustachio (D:5)
  An unseen horror simulacrum (D:9)
  A steam dragon (D:6)
  Menkaure (D:5)
  Edmund (D:6)
  4 orc warriors
  7 ice beasts
  A sky beast (D:7)
  3 black bears
  3 wolves (D:8)
  A centaur (D:11)
  3 bullfrogs
  3 kobold brigands
  Blork the orc (D:5)
  6 scorpions
  8 wights
  4 killer bees (D:8)
  6 howler monkeys
  A crimson imp (D:10)
  A bombardier beetle (D:4)
  2 hounds
  9 orc priests
  A gnoll bouda (D:6)
  Jessica (D:2)
  5 iguanas
  Ijyb (D:3)
  11 orc wizards
  A centaur simulacrum (D:9)
  5 adders
  3 gnolls (D:6)
  5 white imps
  A howler monkey simulacrum (D:9)
  2 ufetubi (D:5)
  A ribbon worm (D:5)
  4 dart slugs
  49 orcs
  An endoplasm (D:4)
  2 giant cockroaches
  5 goblins
  A hobgoblin (D:4)
  4 jackals (D:1)
  16 kobolds
  6 quokkas
  A ball python (D:4)
  A bat (D:1)
  3 frilled lizards
  3 rats
230 creatures vanquished.

Vanquished Creatures (others)
  An orc wizard (D:9)
  3 orcs (D:6)
  A kobold (D:9)
5 creatures vanquished.

Grand Total: 235 creatures vanquished

Notes
Turn   | Place    | Note
-------+----------+-------------------------------------------
     0 | D:1      | Eitelfritz the Troll Shapeshifter began the quest for the
                  | Orb.
     0 | D:1      | Reached XP level 1. HP: 18/18 MP: 0/0
   276 | D:1      | Reached XP level 2. HP: 26/26 MP: 1/1
   674 | D:2      | Noticed Jessica
   678 | D:2      | Reached XP level 3. HP: 32/32 MP: 2/2
   680 | D:2      | Killed Jessica
   742 | D:2      | Found a sparkling altar of Nemelex Xobeh.
  1063 | D:2      | You fall into a shaft and drop 2 floors!
  1132 | D:4      | Reached skill level 4 in Unarmed Combat
  1132 | D:4      | Reached XP level 4. HP: 40/40 MP: 3/3
  1199 | D:3      | Reached XP level 5. HP: 28/46 MP: 4/4
  1290 | D:3      | Noticed Sigmund
  1311 | D:3      | Killed Sigmund
  1312 | D:3      | Reached skill level 5 in Unarmed Combat
  1312 | D:3      | Reached XP level 6. HP: 34/54 MP: 5/5
  1927 | D:3      | Noticed Ijyb
  1959 | D:3      | Killed Ijyb
  2139 | D:3      | Found a white marble altar of Elyvilon.
  2418 | D:4      | Found Gaimpau's Antique Armour Emporium.
  2431 | D:4      | Reached skill level 1 in Fighting
  2494 | D:4      | Reached skill level 6 in Unarmed Combat
  2494 | D:4      | Reached XP level 7. HP: 60/62 MP: 6/6
  2582 | D:4      | Found a sacrificial altar of Ru.
  2596 | D:4      | Found a staircase to the Ecumenical Temple.
  2621 | Temple   | Entered the Ecumenical Temple
  2636 | Temple   | Became a worshipper of the Wu Jian Council
  2690 | D:4      | Identified the +0 pair of boots of Noughts and Crosses
                  | {Int+2}
  2750 | D:4      | Found a snail-covered altar of Cheibriados.
  2979 | D:5      | Entered Level 5 of the Dungeon
  3205 | D:5      | Noticed Blork the orc
  3211 | D:5      | Killed Blork the orc
  3212 | D:5      | Reached skill level 7 in Unarmed Combat
  3285 | D:5      | Noticed Menkaure
  3298 | D:5      | Killed Menkaure
  3299 | D:5      | Reached XP level 8. HP: 44/70 MP: 7/7
  3453 | D:5      | Noticed Eustachio
  3478 | D:5      | Killed Eustachio
  3522 | D:5      | Reached * piety under Wu Jian
  3529 | D:5      | Found a hazy altar of Hepliaklqana.
  3530 | D:5      | Found a broken altar of Ashenzari.
  3530 | D:5      | Found a radiant altar of Vehumet.
  3680 | D:5      | Found a glowing golden altar of the Shining One.
  3716 | D:5      | Found Fefam's Magic Scroll Shop.
  3723 | D:5      | Bought a scroll of noise for 12 gold pieces
  3723 | D:5      | Bought a scroll of identify for 24 gold pieces
  3788 | D:4      | Bought an embroidered hat for 175 gold pieces
  4157 | D:6      | Reached skill level 1 in Stealth
  4157 | D:6      | Reached skill level 8 in Unarmed Combat
  4184 | D:6      | Reached skill level 5 in Shapeshifting
  4264 | D:6      | Noticed Pikel
  4288 | D:6      | Killed Pikel
  4289 | D:6      | Reached skill level 5 in Dodging
  4289 | D:6      | Reached XP level 9. HP: 31/79 MP: 8/8
  4435 | D:6      | Found Mojacham's Antique Weapon Boutique.
  4482 | D:6      | Reached skill level 9 in Unarmed Combat
  4651 | D:6      | Noticed Edmund
  4660 | D:6      | Killed Edmund
  4968 | D:6      | Identified 2 scrolls of acquirement
  4968 | D:6      | Acquired 1105 gold pieces
  4991 | D:6      | Bought a longbow for 149 gold pieces
  4991 | D:6      | Bought a morningstar for 92 gold pieces
  5027 | D:5      | Bought a scroll of identify for 24 gold pieces
  5027 | D:5      | Bought a scroll of enchant armour for 90 gold pieces
  5027 | D:5      | Bought a scroll of identify for 24 gold pieces
  5045 | D:6      | Acquired the ring of Tudontip {rElec rC+}
  5342 | D:7      | Reached skill level 10 in Unarmed Combat
  5441 | D:7      | Reached ** piety under Wu Jian
  5505 | D:7      | Found a shadowy altar of Dithmenos.
  5809 | D:8      | Noticed a rime drake
  5811 | D:8      | Noticed a polar bear
  5822 | D:8      | Killed a rime drake
  5838 | D:8      | Noticed a two-headed ogre
  5844 | D:8      | Killed a two-headed ogre
  5845 | D:8      | Reached skill level 11 in Unarmed Combat
  5845 | D:8      | Reached XP level 10. HP: 39/91 MP: 9/9
  5944 | D:8      | Found a staircase to the Lair.
  6968 | D:9      | Noticed Joseph
  6976 | D:9      | Killed Joseph
  6977 | D:9      | Reached skill level 12 in Unarmed Combat
  7026 | D:9      | Noticed tadhg's ghost (novice DESu)
  7072 | D:9      | Noticed Psyche
  7075 | D:9      | Killed Psyche
  7104 | D:9      | Noticed a two-headed ogre
  7114 | D:9      | Killed a two-headed ogre
  7170 | D:9      | Noticed Maggie
  7177 | D:9      | Reached *** piety under Wu Jian
  7194 | D:9      | Killed Maggie
  7195 | D:9      | Reached XP level 11. HP: 39/97 MP: 10/10
  7335 | D:9      | Found a hide-covered altar of Uskayaw.
  7366 | D:9      | Found a stormy altar of Qazlal.
  7428 | D:9      | Found a runed translucent gate.
  7428 | D:9      | Found a runed translucent gate.
  7428 | D:9      | Found a runed translucent gate.
  7684 | D:9      | Killed tadhg's ghost
  7685 | D:9      | Reached skill level 13 in Unarmed Combat
  7699 | D:9      | Identified the ring of Hedocvig {Fire Will++ Stlth-}
  7746 | D:10     | Entered Level 10 of the Dungeon
  7746 | D:10     | Noticed a two-headed ogre
  7752 | D:10     | Killed a two-headed ogre
  7869 | D:10     | Found a burning altar of Makhleb.
  7869 | D:10     | Found a shimmering altar of Xom.
  8098 | D:10     | Noticed Sonja
  8109 | D:10     | Killed Sonja
  8426 | D:10     | Noticed a two-headed ogre
  8432 | D:10     | Killed a two-headed ogre
  8528 | D:11     | Reached skill level 14 in Unarmed Combat
  8558 | D:11     | Found a flickering gateway to a bazaar.
  8591 | Bazaar   | Entered a bazaar
  8595 | Bazaar   | Found Jeoneqaf's Jewellery Boutique.
  8617 | Bazaar   | Found Vicig's Antique Armour Emporium.
  8638 | Bazaar   | Found Dotsy's Antique Armour Boutique.
  8658 | Bazaar   | Found Qecluat's Antique Weapon Shoppe.
  8685 | Bazaar   | Bought an amulet of regeneration for 360 gold pieces
  8685 | Bazaar   | Bought a ring of resist corrosion for 240 gold pieces
  8711 | Bazaar   | Bought a twisted robe for 108 gold pieces
  8711 | Bazaar   | Identified the +1 robe of Autumn {rF+} (You bought it in a
                  | shop in a bazaar)
  8833 | D:11     | Noticed Nergalle
  8840 | D:11     | Killed Nergalle
  8847 | D:11     | Reached **** piety under Wu Jian
  8847 | D:11     | Mangled by a yak

Illustrated notes

Levels and vault maps discovered:
D:1:      hellmonk_arrival_library, layout_loops_ring, grunt_decor_cap
D:2:      layout_loops_ring, basic_altar, corner_web_ring,
          chequers_serial_rivers_marsh, uniq_jessica
D:3:      layout_basic, overflow_temple_1_default, minmay_tree_intersection,
          uniq_ijyb, uniq_sigmund
D:4:      layout_cave_pools, kennysheep_mini_moat,
          mainiacjoe_overflow_small_starburst, minmay_temple_entry_statues,
          serial_shops, shop, nrook_uturn, minivault_14,
          kennysheep_generic_room_16
D:5:      layout_layer_cave, nicolae_overflow_quartered_altars, serial_shops,
          shop, uniq_blork_the_orc, uniq_eustachio, uniq_menkaure
D:6:      layout_basic, serial_shops, shop, minivault_26, uniq_pikel,
          uniq_edmund
D:7:      black_bear_nest_1, layout_basic, kennysheep_mini
D:8:      layout_basic, hellmonk_lair_entry_icy
D:9:      layout_roguey, mainiacjoe_overflow_two_lobes, gammafunk_ghost_icy,
          uniq_psyche, uniq_maggie, uniq_joseph
D:10:     layout_long_grid, grunt_temple_overflow_champion_of_chaos, uniq_sonja
D:11:     layout_cave_pools, serial_shops, bzr_entry_dummy, uniq_nergalle
Temple:   eino_wide_crystal_templ

Skill      XL: |  1  2  3  4  5  6  7  8  9 10 11 |
---------------+----------------------------------+-----
Dodging        | 2 3 4 5 6 7 |  7.6
Unarmed Combat | 4 5 6 7 8 11 12 14 | 14.1
Shapeshifting  | 4 5 6 7 |  7.3
Fighting       | 1 2 3 |  3.5
Stealth        | 1 2 |  2.4
Throwing       | |  0.3

Action                     |  1- 3 |  4- 6 |  7- 9 | 10-12 || total
---------------------------+-------+-------+-------+-------++-------
  Melee: Unarmed           |    61 |    75 |   265 |   276 ||   677
         Punch             |     1 |     2 |    14 |    11 ||    28
  Throw: Dart              |       |     1 |       |     2 ||     3
Ability: Lunge             |       |       |    21 |    19 ||    40
         Whirlwind         |       |       |     8 |    27 ||    35
         Begin Untransform |       |       |       |     1 ||     1
    Use: Scroll            |       |       |    24 |     3 ||    27
         Potion            |       |       |     1 |     2 ||     3
   Stab: Sleeping          |       |       |     1 |     1 ||     2
 Armour: Animal skin       |    33 |    26 |   189 |    51 ||   299
         Skin              |       |     8 |       |    29 ||    37
         Steam dragon scal |       |       |       |    38 ||    38
  Dodge: Dodged            |    29 |    30 |   163 |   172 ||   394
   Form: Flux              |       |       |       |     1 ||     1
